 Dungeon Crawl Stone Soup version 0.26-a0-651-gb41185065b (webtiles) character file.

Game seed: 6582589863998793168

3434 ipx the Geomancer (level 9, 45/45 HPs)
             Began as a Deep Elf Earth Elementalist on Oct 31, 2020.
             Was a Believer of Kikubaaqudgha.
             Got out of the dungeon alive.
             The game lasted 00:50:59 (3258 turns).

ipx the Geomancer (Deep Elf Earth Elementalist)     Turns: 3258, Time: 00:50:59

Health: 45/45      AC:  8    Str:  5    XL:     9   Next: 77%
Magic:  17/17      EV: 15    Int: 24    God:    Kikubaaqudgha [**....]
Gold:   300        SH:  0    Dex: 15    Spells: 1/16 levels left

rFire    . . .     SeeInvis .   a - staff of conjuration
rCold    . . .     Faith    .   (no shield)
rNeg     . . .     Spirit   .   f - +0 leather armour
rPois    +         Reflect  .   p - +0 helmet
rElec    .         Harm     .   u - +0 cloak
rCorr    .         Rampage  .   H - +0 pair of gloves
MR       .....                  o - +1 pair of boots
Stlth    ++........             R - amulet of magic regeneration
HPRegen  0.15/turn              P - ring of poison resistance
MPRegen  0.40/turn              (no ring)

@: no status effects
A: no striking features
a: Receive Corpses, Renounce Religion


You escaped.
You worshipped Kikubaaqudgha.
Kikubaaqudgha was pleased with you.
You visited 1 branch of the dungeon, and saw 9 of its levels.

You collected 300 gold pieces.

Inventory:

Hand Weapons
 b - a +3 flail of protection
 t - a +0 trident
Missiles
 g - 10 boomerangs
 l - 28 poisoned darts (quivered)
 q - 40 stones
 E - a throwing net
Armour
 f - a +0 leather armour (worn)
 o - a +1 pair of boots (worn)
 p - a +0 helmet (worn)
 s - a +0 buckler
 u - a +0 cloak (worn)
 w - the +1 pair of boots "Noant" {rC- rCorr Str+3}
   (You found it on level 7 of the Dungeon)

   It affects your strength (+3).
   It makes you vulnerable to cold.
   It provides partial protection from all sources of acid and corrosion.
 H - a +0 pair of gloves (worn)
Magical Staves
 a - an uncursed staff of conjuration (weapon)
Jewellery
 P - a ring of poison resistance (left hand)
 R - an amulet of magic regeneration (around neck)
Wands
 r - a wand of flame (2)
 y - a wand of acid (8)
 D - a wand of digging (9)
Scrolls
 d - 4 scrolls of remove curse {unknown}
 i - a scroll of blinking {unknown}
 j - 2 scrolls of enchant armour
 k - 2 scrolls of magic mapping
 m - 3 scrolls of fog
 v - a scroll of immolation {unknown}
 z - 2 scrolls of amnesia {unknown}
 B - a scroll of fear {unknown}
 C - 5 scrolls of teleportation
Potions
 c - a potion of might
 e - a potion of haste {unknown}
 h - 3 potions of curing
 n - a potion of heal wounds
 x - 2 potions of lignification
 F - 3 potions of stabbing
 G - 2 potions of invisibility


   Skills:
 + Level 7.2 Dodging
 - Level 2.4 Stealth
 - Level 4.1 Spellcasting
 - Level 5.0 Conjurations
 + Level 8.4 Necromancy
   Level 1.1 Transmutations
 + Level 10.1 Earth Magic
 - Level 3.0 Evocations


You had one spell level left.
You knew the following spells:

 Your Spells              Type           Power        Failure   Level
d - Lee's Rapid Deconstr  Erth           ######....   7%          5
q - Sandblast             Erth           ######       1%          1
r - Stone Arrow           Conj/Erth      ######       2%          3
v - Vampiric Draining     Necr           #####.....   1%          3
z - Pain                  Necr           ####         1%          1
T - Corpse Rot            Necr/Air       N/A          4%          2

Your spell library contained the following spells:

 Spells                   Type           Power        Failure   Level
 Sublimation of Blood     Necr           #####.....   1%          2
 Passwall                 Tmut/Erth      ####....     2%          2
 Petrify                  Tmut/Erth      ####....     16%         4


Dungeon Overview and Level Annotations

Branches:
Dungeon (9/15)
 Temple: D:4-7         Lair: D:8-11         Orc: D:9-12

Altars:
Elyvilon
Kikubaaqudgha
Qazlal
The Shining One

Shops:
D:4 :


Message History

There is an open door here.
There is a stone staircase leading up here.
You climb upwards.
There is a stone staircase leading down here.
There is a stone staircase leading up here.
You climb upwards.
There is a stone staircase leading down here.
You see here a cursed -3 war axe.
There is a stone staircase leading up here.
You climb upwards.
There is a stone staircase leading down here.
There is a stone staircase leading up here.
You climb upwards.
There is a stone staircase leading down here.
You see here a bat skeleton.
There is a dry fountain here.
There is a dry fountain here.
There is a staircase leading out of the dungeon here.
Are you sure you want to leave the Dungeon?
This will make you lose the game!
You have escaped!

.# ...⌠.......⌠......#
.. .#
.................##
.######
.⌠...⌠...⌠...⌠..## #.
......#
...............## ..
..)...#
#.⌠....⌠....⌠.## ..
......# ##...........##
#.
......######..⌠...⌠..##
..
...........##.......##
..
'#####.....###..@..##
...# #.
.#####.....####.>.##
#.# #...#.#.
...†.......'..##### #.#
#...#.#.
.#####.....##.# #.#
#.....#. .# #.....##.#
#.###...#.#. .#
########.# #.........).
.# #.# #.##...##... h#
#.########.##...##.#.
.#
#.............).##.#.


There were no monsters in sight!

Vanquished Creatures
  A two-headed ogre (D:8)
  2 hippogriffs (D:8)
  A wyvern (D:8)
  A wraith (D:7)
  Edmund (D:4)
  An orc warrior (D:7)
  A black bear (D:9)
  A phantom (D:7)
  An ogre (D:8)
  A centaur (D:7)
  A big kobold (D:8)
  Blork the orc (D:6)
  4 bullfrogs
  6 scorpions
  3 killer bees (D:8)
  3 wights (D:6)
  2 howler monkeys
  A jelly (D:5)
  2 hounds
  2 orc priests
  A gnoll shaman (D:7)
  An orc wizard (D:7)
  6 worker ants
  An iguana (D:8)
  4 gnolls (D:7)
  5 adders
  2 shadow imps
  A white imp (D:6)
  An ufetubus (D:7)
  2 worms (D:3)
  7 dart slugs
  A leopard gecko (D:7)
  9 orcs
  3 giant cockroaches
  4 goblins
  7 hobgoblins
  14 jackals
  10 kobolds
  3 quokkas
  3 ball pythons
  7 bats
  7 frilled lizards
  A leopard gecko skeleton (D:4)
  3 rats
139 creatures vanquished.

Vanquished Creatures (others)
  3 fungi (D:3)
3 creatures vanquished.

Grand Total: 142 creatures vanquished

Notes
Turn   | Place    | Note
-------+----------+-------------------------------------------
     0 | D:1      | ipx the Deep Elf Earth Elementalist began the quest for the
                  | Orb.
     0 | D:1      | Reached XP level 1. HP: 10/10 MP: 6/6
   104 | D:1      | Reached XP level 2. HP: 15/15 MP: 3/8
   283 | D:2      | Reached skill level 4 in Earth Magic
   283 | D:2      | Reached XP level 3. HP: 18/19 MP: 6/10
   289 | D:2      | Learned a level 3 spell: Stone Arrow
   567 | D:3      | Reached skill level 1 in Conjurations
   606 | D:4      | Noticed Edmund
   606 | D:4      | Noticed a scorpion
   613 | D:4      | Killed a scorpion
   613 | D:4      | Reached XP level 4. HP: 16/24 MP: 6/12
   734 | D:3      | Reached skill level 5 in Earth Magic
   734 | D:3      | Reached XP level 5. HP: 28/28 MP: 10/13
  1185 | D:4      | Killed Edmund
  1185 | D:4      | Reached skill level 1 in Evocations
  1185 | D:4      | Reached XP level 6. HP: 2/32 MP: 2/14
  1276 | D:4      | Found a white marble altar of Elyvilon.
  1390 | D:4      | Found Miew's Book Boutique.
  1423 | D:4      | Found a stormy altar of Qazlal.
  1423 | D:4      | Found an ancient bone altar of Kikubaaqudgha.
  1432 | D:4      | Became a worshipper of Kikubaaqudgha
  1460 | D:5      | Entered Level 5 of the Dungeon
  1561 | D:6      | Found a glowing golden altar of the Shining One.
  1578 | D:6      | Reached skill level 6 in Earth Magic
  1585 | D:6      | Learned a level 5 spell: Lee's Rapid Deconstruction
  2008 | D:6      | Noticed Blork the orc
  2017 | D:6      | Killed Blork the orc
  2017 | D:6      | Reached XP level 7. HP: 30/36 MP: 8/15
  2073 | D:7      | Reached * piety under Kikubaaqudgha
  2073 | D:7      | Identified Kikubaaqudgha's Reference Book on Black Rites
                  | (Kikubaaqudgha gifted it to you on level 7 of the Dungeon)
  2073 | D:7      | Received a gift from Kikubaaqudgha
  2099 | D:6      | Learned a level 2 spell: Corpse Rot
  2163 | D:6      | Reached skill level 1 in Necromancy
  2181 | D:6      | Reached skill level 5 in Conjurations
  2218 | D:6      | Reached skill level 7 in Earth Magic
  2283 | D:7      | Reached XP level 8. HP: 11/41 MP: 1/16
  2322 | D:7      | Learned a level 3 spell: Vampiric Draining
  2434 | D:7      | Learned a level 1 spell: Pain
  2487 | D:7      | Reached skill level 5 in Necromancy
  2487 | D:7      | Reached skill level 8 in Earth Magic
  2503 | D:7      | Got a pair of ichor-stained boots
  2514 | D:7      | Identified the +1 pair of boots "Noant" {rC- rCorr Str+3}
                  | (You found it on level 7 of the Dungeon)
  2607 | D:7      | Reached ** piety under Kikubaaqudgha
  2653 | D:8      | Noticed a two-headed ogre
  2659 | D:8      | Killed a two-headed ogre
  2659 | D:8      | Reached skill level 5 in Dodging
  2659 | D:8      | Reached skill level 9 in Earth Magic
  2659 | D:8      | Reached XP level 9. HP: 38/45 MP: 5/17
  2873 | D:8      | Reached skill level 10 in Earth Magic
  3258 | D:$      | Got out of the dungeon alive.

Illustrated notes

Levels and vault maps discovered:
D:1:      dpeg_arrival_lava_temple_mockup, layout_basic, nemelex_altar_shiori
D:2:      cheibrodos_helix_gallery, layout_rooms, kennysheep_okawaru_gauntlet
D:3:      layout_loops_ring, small_statue_intersection, kennysheep_flooded_box,
          uniq_robin, uniq_crazy_yiuf_cottage
D:4:      layout_cave_pods, elyvilon_altar_1,
          chequers_temple_overflow_statue_of_worship, serial_shops,
          nicolae_shop_stone, uniq_edmund
D:5:      layout_basic, minmay_temple_entry_hall
D:6:      layout_layer_cave, basic_altar, uniq_blork_the_orc
D:7:      cheibrodos_barr_body, layout_loops_ring
D:8:      layout_basic, overflow_temple_1_default
D:9:      layout_irregular_city, serial_shops, shop_fountains,
          kennysheep_generic_room_16

Skill      XL: |  1  2  3  4  5  6  7  8  9 |
---------------+----------------------------+-----
Spellcasting   | 4 |  4.1
Earth Magic    | 4 5 6 7 9 10 | 10.1
Conjurations   | 2 3 4 5 |  5.0
Evocations     | 1 2 3 |  3.0
Necromancy     | 3 7 8 |  8.4
Dodging        | 5 7 |  7.2
Stealth        | |  2.4
Transmutations | |  1.1

Action                   |  1- 3 |  4- 6 |  7- 9 || total
-------------------------+-------+-------+-------++-------
Melee: Trident           |       |     8 |       ||     8
       Flail             |       |    21 |       ||    21
       Staff             |       |       |    43 ||    43
Throw: Boomerang         |     6 |       |       ||     6
       Stone             |     5 |       |       ||     5
       Dart              |    15 |    39 |    29 ||    83
 Cast: Sandblast         |    43 |    35 |    50 ||   128
       Stone Arrow       |     2 |    24 |    52 ||    78
       Corpse Rot        |       |       |     2 ||     2
       Pain              |       |       |     8 ||     8
       Lee's Rapid Decon |       |       |     1 ||     1
Invok: Receive Corpses   |       |       |     1 ||     1
Evoke: Wand              |       |     3 |    10 ||    13
  Use: Potion            |       |     1 |     1 ||     2
       Scroll            |       |     8 |     4 ||    12
 Stab: Sleeping          |       |     2 |     2 ||     4
Armor: Leather armour    |     7 |    16 |    22 ||    45
Dodge: Dodged            |    18 |    37 |    65 ||   120

Table legend: (Time is in decaauts)
 A = Elapsed time spent in this place.
 B = Non-inter-level travel time spent in this place.
 C = Inter-level travel time spent in this place.
 D = Time resting spent in this place.
 E = Time spent auto-exploring this place.
 F = Levels seen in this place.
 G = Mean time per level.
                   A        B        C        D        E       F      G
               +--------+--------+--------+--------+--------+-----+--------+
         Total |   3366 |   3041 |    325 |      0 |      0 |   9 |  374.0 |
       Dungeon |   3366 |   3041 |    325 |      0 |      0 |   9 |  374.0 |
               +--------+--------+--------+--------+--------+-----+--------+

Top non-repeatable levels by time:
     D:3: 639 daAuts
     D:4: 435 daAuts
     D:7: 415 daAuts
     D:6: 407 daAuts
     D:5: 407 daAuts
     D:8: 375 daAuts
     D:1: 345 daAuts
     D:2: 279 daAuts
     D:9: 61 daAuts
